 Dungeon Crawl Stone Soup version 0.21.1-1-g345015f (webtiles) character file.

133 suicidejoker the Cudgeler (level 5, 0/36 HPs)
             Began as an Octopode Monk on Apr 21, 2018.
             Slain by sanboga's ghost (12 damage)
             ... on level 3 of the Dungeon.
             The game lasted 00:03:14 (1390 turns).

suicidejoker the Cudgeler (Octopode Monk)           Turns: 1390, Time: 00:03:14

Health: 0/36       AC:  1    Str: 10 (12) XL:     5   Next: 16%
Magic:  5/5        EV: 14    Int: 15 (17) God:
Gold:   67         SH:  0    Dex: 12 (14) Spells: 4/4 levels left

rFire    . . .     SeeInvis .   n - +0 mace (protect)
rCold    . . .     Gourm    .   (no shield)
rNeg     . . .     Faith    .   (helmet restricted)
rPois    .         Spirit   .   (no amulet)
rElec    .         Reflect  .   (no ring)
rCorr    .         Harm     .   (no ring)
MR       .....                  (no ring)
Stlth    +++.......             (no ring)
HPRegen  0.12/turn              (no ring)
MPRegen  0.09/turn              (no ring)
                                (no ring)
                                (no ring)

@: brilliant
A: almost no armour, stealthy swim, amphibious, 8 rings, constrict 8, camouflage
1, gelatinous body 1
a: no special abilities


You were on level 3 of the Dungeon.
You were hungry.

You visited 1 branch of the dungeon, and saw 3 of its levels.

You collected 67 gold pieces.

Inventory:

Hand Weapons
 a - a +0 dagger of holy wrath
 n - a +0 mace of protection (weapon)
Missiles
 d - 10 tomahawks (quivered)
 e - 21 sling bullets
 g - 48 arrows
 i - 102 stones
Scrolls
 c - 2 scrolls of immolation {unknown}
 f - 2 scrolls of identify {unknown}
 h - 4 scrolls of remove curse {unknown}
 l - a scroll of fear {unknown}
 p - 2 scrolls of enchant armour {unknown}
Potions
 j - a potion of curing
 k - a potion of degeneration
 o - a potion of lignification {unknown}
Comestibles
 b - 5 rations


   Skills:
 + Level 3.6 Fighting
 * Level 4.2 Maces & Flails
 + Level 3.6 Dodging
 + Level 4.1 Stealth


You had 4 spell levels left.
You didn't know any spells.

Dungeon Overview and Level Annotations

Branches:
Dungeon (3/15)

Altars:
Uskayaw

Annotations:
D:3 sanboga's ghost, amateur GrBe


Innate Abilities, Weirdness & Mutations

You cannot wear most types of armour.
You are very stealthy in the water. (Stealth+)
You are amphibious.
You can wear up to eight rings at the same time.
You can use your tentacles to constrict eight enemies at once.
Your skin changes colour to match your surroundings (Stealth+).
Your rubbery body absorbs attacks. (AC +1, EV +1)


Message History

You are too injured to fight recklessly!
You are too injured to fight recklessly!
You are too injured to fight recklessly!
You are too injured to fight recklessly!
You are too injured to fight recklessly!
You are too injured to fight recklessly!
You are too injured to fight recklessly!
You are too injured to fight recklessly!
It was a potion of curing.
You feel better. Sanboga's ghost closely misses you.
It was a potion of degeneration.
There was something very wrong with that liquid.
You feel weakened.
You feel dopey.
You feel clumsy. Sanboga's ghost barely misses you.
It was a potion of brilliance.
You feel clever all of a sudden. Sanboga's ghost hits you!!
Ouch! That really hurt!
* * * LOW HITPOINT WARNING * * *
You feel better. Sanboga's ghost hits you!
You die...

#
###############.#
.).?....##......#
........##......##
......†........<..
.......@##.....##
......W.#<.....#
.####.#.###.####
#.#.. .# #.### ##
#


You could see sanboga's ghost.

Vanquished Creatures
  A jelly (D:2)
  Jessica (D:2)
  3 adders
  An ooze (D:1)
  A dart slug (D:1)
  A leopard gecko (D:2)
  2 ball pythons (D:2)
  5 bats
  7 goblins
  6 hobgoblins
  2 jackals (D:2)
  2 quokkas (D:2)
  4 frilled lizards
  3 kobolds
  4 rats
43 creatures vanquished.

Notes
Turn   | Place    | Note
-------+----------+-------------------------------------------
     0 | D:1      | suicidejoker the Octopode Monk began the quest for the Orb.
     0 | D:1      | Reached XP level 1. HP: 16/16 MP: 1/1
   407 | D:1      | Reached XP level 2. HP: 21/21 MP: 2/2
   938 | D:2      | Found a hide-covered altar of Uskayaw.
   957 | D:2      | Reached XP level 3. HP: 26/26 MP: 3/3
  1066 | D:2      | Noticed Jessica
  1077 | D:2      | Killed Jessica
  1077 | D:2      | Reached XP level 4. HP: 19/31 MP: 4/4
  1254 | D:2      | Reached XP level 5. HP: 29/36 MP: 5/5
  1377 | D:3      | Noticed sanboga's ghost (amateur GrBe)
  1390 | D:3      | Slain by sanboga's ghost

Skill      XL: |  1  2  3  4 |
---------------+-------------+-----
Stealth        | 3 4 |  4.1
Maces & Flails | 4 |  4.2
Fighting       | |  3.6
Dodging        | |  3.6

Action                   |  1- 3 |  4- 6 || total
-------------------------+-------+-------++-------
Melee: Mace              |    44 |    36 ||    80
       Constrict         |    12 |    10 ||    22
       Tentacles         |     5 |     9 ||    14
  Use: Potion            |       |     4 ||     4
 Stab: Sleeping          |     9 |       ||     9
  Eat: Chunk             |       |     1 ||     1
Armor: Skin              |    14 |    10 ||    24
Dodge: Dodged            |    51 |    31 ||    82
